 Dungeon Crawl Stone Soup version 0.26.1-11-gd32895ea62 (webtiles) character file.

Game seed: 16346120930021557044

2261 Electrofox the Cleaver (level 9, -10/70 HPs)
             Began as a Minotaur Fighter on Apr 19, 2021.
             Was a Follower of Qazlal.
             Mangled by an orc warrior
             ... wielding a +0 glaive
              (17 damage)
             ... on level 6 of the Dungeon.
             The game lasted 00:21:17 (6191 turns).

Electrofox the Cleaver (Minotaur Fighter)           Turns: 6191, Time: 00:21:18

Health: -10/70     AC:  6    Str: 21    XL:     9   Next: 15%
Magic:  8/8        EV:  7    Int:  8    God:    Qazlal [*.....]
Gold:   215        SH: 12    Dex: 10    Spells: 8/8 levels left

rFire    . . .     SeeInvis .   t - +2 whip (freeze)
rCold    . . .     Faith    .   c - +1 kite shield
rNeg     . . .     Spirit   .   b - +0 scale mail
rPois    .         Reflect  .   (helmet restricted)
rElec    .         Harm     .   (no cloak)
rCorr    .         Rampage  .   (no gloves)
Will     .....                  (no boots)
Stlth    ..........             (no amulet)
HPRegen  0.21/turn              (no ring)
MPRegen  0.11/turn              (no ring)

@: no status effects
A: retaliatory headbutt, horns 2
a: Renounce Religion


You were on level 6 of the Dungeon.
You worshipped Qazlal.
Qazlal was aware of your devotion.
You visited 1 branch of the dungeon, and saw 6 of its levels.

You collected 215 gold pieces.

Inventory:

Hand Weapons
 a - a +0 war axe
 t - a +2 whip of freezing (weapon)
Missiles
 g - a javelin (quivered)
Armour
 b - a +0 scale mail (worn)
 c - a +1 kite shield (worn)
 v - a +2 pair of boots
 B - a cursed -2 pair of gloves
Jewellery
 k - the ring of the Two Names {rF+ Int+2, unknown}
   (You found it on level 5 of the Dungeon)

   [ring of protection from fire]

   It affects your intelligence (+2).
   It protects you from fire.
 u - a cursed ring of attention {unknown}
 A - an uncursed ring of resist corrosion
Wands
 x - a wand of digging (4)
Scrolls
 f - a scroll of fear {unknown}
 h - 2 scrolls of teleportation {unknown}
 i - 3 scrolls of remove curse {unknown}
 j - 2 scrolls of fog {unknown}
 m - 2 scrolls of magic mapping
 n - 2 scrolls of identify {unknown}
 p - a scroll of immolation {unknown}
 r - a scroll of blinking {unknown}
 w - 2 scrolls of enchant armour
 y - 2 scrolls of random uselessness {unknown}
Potions
 d - a potion of might
 e - a potion of heal wounds {unknown}
 o - 2 potions of degeneration {unknown}
 q - a potion of mutation {unknown}
 s - 4 potions of curing {unknown}
 z - a potion of brilliance {unknown}


   Skills:
 - Level 3.6 Fighting
 - Level 11.5(12.6) Axes
 + Level 8.8(11.4) Maces & Flails
 - Level 3.6 Armour
 - Level 3.6 Shields


You had 8 spell levels left.
You didn't know any spells.
Your spell library was empty.

Dungeon Overview and Level Annotations

Branches:
Dungeon (6/15)             Temple (0/1) D:4

Altars:
Cheibriados
Fedhas
Gozag
Nemelex Xobeh
Okawaru
Qazlal
Sif Muna
Trog
Xom
Yredelemnul
The Shining One

Annotations:
D:4 1 runed translucent door, exclusion: door, Quickbrownfox's ghost, amateur MiMo
D:5 1 runed translucent door, exclusion: door, Crazy Yiuf


Innate Abilities, Weirdness & Mutations

You reflexively headbutt those who attack you in melee.
You have a pair of horns on your head.


Message History

The orc warrior is heavily wounded.
The orc warrior hits you with a +0 glaive!!
* * * LOW HITPOINT WARNING * * *
You hit the orc warrior but do no damage.
The orc warrior is heavily wounded.
Okay, then.
Okay, then.
You hit the orc warrior but do no damage.
The orc warrior is heavily wounded.
You hit the orc warrior. You freeze the orc warrior.
You headbutt the orc warrior!
The orc warrior is almost dead.
You block the orc warrior's attack.
You hit the orc warrior but do no damage.
Your headbutt misses the orc warrior.
The orc warrior is almost dead.
You hit the orc warrior but do no damage.
The orc warrior is almost dead.
The orc warrior hits you with a +0 glaive!
You die...

#......)..##.......#...(..##..#.
#.........#..........###........
#.......(...........## #.###.#.#
#...................# #.# #.#
#..............(....# #.# #
##.........(..(.....# ##.#
##.....#..........## #..#
#######.....o.....# #.##
#......@....###.#####..#
#.......○...........[...
#...........###.#####...
#.....<.....# #.# .#
#.........<## #.######.#
#####.....## #.#..<.... ####.##
#.(....... #..# ###.......
######.## #.......


You could see an orc warrior.

Vanquished Creatures
  Pikel (D:5)
  A hornet (D:6)
  An ice beast (D:6)
  A hornet zombie (D:5)
  A phantom (D:4)
  An ogre (D:6)
  A centaur (D:5)
  2 lemures (D:5)
  A big kobold (D:5)
  3 bullfrogs (D:6)
  5 wights
  2 orc priests (D:3)
  2 centaur skeletons (D:6)
  4 orc wizards
  A bullfrog skeleton (D:5)
  2 iguanas
  6 worker ants
  4 gnolls (D:2)
  7 adders
  A shadow imp (D:6)
  An ufetubus (D:6)
  3 oozes
  2 worms
  3 dart slugs
  4 leopard geckos
  24 orcs
  17 bats
  4 giant cockroaches
  5 goblins
  5 hobgoblins
  9 jackals
  9 kobolds
  5 quokkas
  3 frilled lizards (D:2)
  2 leopard gecko skeletons
  8 rats
151 creatures vanquished.

Vanquished Creatures (others)
  9 fungi (D:2)
  4 plants (D:2)
13 creatures vanquished.

Grand Total: 164 creatures vanquished

Notes
Turn   | Place    | Note
-------+----------+-------------------------------------------
     0 | D:1      | Electrofox the Minotaur Fighter began the quest for the
                  | Orb.
     0 | D:1      | Reached XP level 1. HP: 19/19 MP: 0/0
   115 | D:1      | Reached skill level 3 in Axes
   323 | D:1      | Reached XP level 2. HP: 24/26 MP: 1/1
   364 | D:1      | Reached skill level 4 in Axes
   456 | D:1      | Reached XP level 3. HP: 31/31 MP: 2/2
   854 | D:2      | Found a blossoming altar of Fedhas.
  1098 | D:2      | Reached skill level 5 in Axes
  1102 | D:2      | Reached XP level 4. HP: 33/39 MP: 3/3
  1179 | D:2      | Found a glowing golden altar of the Shining One.
  1551 | D:2      | Found a sparkling altar of Nemelex Xobeh.
  1630 | D:2      | Reached skill level 6 in Axes
  1794 | D:3      | Reached XP level 5. HP: 36/45 MP: 4/4
  1909 | D:3      | Reached skill level 7 in Axes
  2207 | D:3      | Found an opulent altar of Gozag.
  2227 | D:3      | Found a bloodstained altar of Trog.
  2230 | D:3      | Found a basalt altar of Yredelemnul.
  2242 | D:3      | Found a stormy altar of Qazlal.
  2246 | D:3      | Became a worshipper of Qazlal Stormbringer
  2351 | D:3      | Reached XP level 6. HP: 35/51 MP: 5/5
  3060 | D:3      | Found an iron altar of Okawaru.
  3105 | D:4      | Reached skill level 8 in Axes
  3189 | D:4      | Found a runed translucent door.
  3205 | D:4      | Noticed Quickbrownfox's ghost (amateur MiMo)
  3329 | D:4      | Found a shimmering altar of Xom.
  3499 | D:4      | Reached * piety under Qazlal
  3500 | D:4      | Reached skill level 9 in Axes
  3506 | D:4      | Found a staircase to the Ecumenical Temple.
  3509 | D:4      | Found a faded altar of an unknown god.
  3612 | D:4      | Found a stormy altar of Qazlal.
  3614 | D:4      | Noticed a water elemental
  3614 | D:4      | Noticed an air elemental
  3615 | D:4      | Noticed a fire elemental
  3710 | D:5      | Entered Level 5 of the Dungeon
  3940 | D:5      | Reached XP level 7. HP: 53/57 MP: 6/6
  4092 | D:5      | Got a coiled lapis lazuli ring
  4129 | D:5      | Found a snail-covered altar of Cheibriados.
  4398 | D:5      | Reached skill level 10 in Axes
  4402 | D:5      | Noticed Pikel
  4418 | D:5      | Killed Pikel
  4419 | D:5      | Reached skill level 11 in Axes
  4419 | D:5      | Reached XP level 8. HP: 33/64 MP: 7/7
  4796 | D:5      | Found a shimmering blue altar of Sif Muna.
  5151 | D:5      | Found a runed translucent door.
  5152 | D:5      | Noticed Crazy Yiuf
  5306 | D:6      | Reached skill level 5 in Maces & Flails
  5744 | D:6      | Noticed a hornet
  5748 | D:6      | Killed a hornet
  5749 | D:6      | Reached XP level 9. HP: 70/70 MP: 8/8
  6191 | D:6      | Mangled by an orc warrior

Illustrated notes

Levels and vault maps discovered:
D:1:      dpeg_arrival_water_temple_mockup, layout_basic
D:2:      layout_basic, lemuel_crystal_altar, fedhas_altar_3,
          nemelex_altar_shiori
D:3:      layout_loops_ring, general_overflow_altar,
          grunt_temple_overflow_cloverleaf
D:4:      layout_cave_pools, old_standard_altar,
          nicolae_temple_entry_ecumenical, ebering_ghost_reflecting_pool,
          nicolae_qazlal_style_of_elements
D:5:      layout_loops_corners, old_standard_altar, led_sif_pool, uniq_pikel,
          uniq_crazy_yiuf_cottage
D:6:      minmay_octagon_keep, layout_rooms

Skill      XL: |  1  2  3  4  5  6  7  8 |
---------------+-------------------------+-----
Axes           | 3 4 5 6 7 9 11 | 11.5
Maces & Flails | 8 |  8.8
Fighting       | |  3.6
Armour         | |  3.6
Shields        | |  3.6

Action                   |  1- 3 |  4- 6 |  7- 9 || total
-------------------------+-------+-------+-------++-------
Melee: War axe           |    78 |   185 |    64 ||   327
       Headbutt          |    10 |    26 |    47 ||    83
       Whip              |       |       |   130 ||   130
Throw: Javelin           |       |     5 |    13 ||    18
       Dart              |       |       |     8 ||     8
  Use: Scroll            |       |       |     4 ||     4
Armor: Scale mail        |    38 |    72 |    29 ||   139
Dodge: Dodged            |    44 |    59 |    29 ||   132
Block: Kite shield       |    38 |    87 |    86 ||   211
